 Dungeon Crawl Stone Soup version 0.19.0-11-g3fc08b3 (webtiles) character file.

102 Jerry the Skirmisher (level 4, 0/30 HPs)
             Began as a Gargoyle Fighter on Nov 9, 2016.
             Slain by an orc
             ... wielding a cursed -1 short sword
              (2 damage)
             ... on level 3 of the Dungeon.
             The game lasted 00:02:55 (1232 turns).

Jerry the Skirmisher (Gargoyle Fighter)             Turns: 1232, Time: 00:02:56

Health: 0/30       AC: 10    Str: 19    XL:     4   Next: 77%
Magic:  4/4        EV:  9    Int:  9    God:
Gold:   169        SH:  0    Dex: 10    Spells: 0 memorised, 3 levels left

rFire  . . .     SeeInvis .     a - +0 flail
rCold  . . .     Gourm    .     b - +0 scale mail
rNeg   + . .     Faith    .     (no shield)
rPois  ∞         Spirit   .     (no helmet)
rElec  +         Reflect  .     (no cloak)
rCorr  .         Harm     .     (no gloves)
MR     .....                    (no boots)
Stlth  ..........               (no amulet)
                                (no ring)
                                (no ring)

@: no status effects
A: negative energy resistance 1, electricity resistance, unbreathing,
petrification resistance, rot immunity, AC +3
a: no special abilities


You were on level 3 of the Dungeon.
You were not hungry.

You visited 1 branch of the dungeon, and saw 3 of its levels.

You collected 169 gold pieces.

Inventory:

Hand Weapons
 a - a +0 flail (weapon)
Armour
 b - a +0 scale mail (worn)
 c - a +0 shield
Jewellery
 g - an uncursed ring of fire {unknown}
 i - an uncursed amulet of magic regeneration {unknown}
Scrolls
 e - 2 scrolls of fog {unknown}
 m - 6 scrolls of identify {unknown}
 n - a scroll of noise {unknown}
 o - 2 scrolls of magic mapping {unknown}
 q - 2 scrolls of remove curse {unknown}
Potions
 d - a potion of might
 j - a potion of lignification {unknown}
 l - a potion of resistance {unknown}
 p - a potion of flight {unknown}
 s - a potion of curing {unknown}
Comestibles
 f - 2 bread rations
 h - 2 slices of pizza
 k - a beef jerky
 r - a chunk of flesh


   Skills:
 + Level 4.3 Fighting
 + Level 3.3 Maces & Flails
 + Level 4.1 Armour
 - Level 3.2 Shields


You had 3 spell levels left.
You didn't know any spells.

Dungeon Overview and Level Annotations

Branches:
Dungeon (3/15)

Altars:
Gozag


Innate Abilities, Weirdness & Mutations

You are resistant to torment.
Your stone body is resilient. (AC +3)
You are immune to poison.
You resist negative energy. (rN+)
You are resistant to electric shocks. (rElec)
You can survive without breathing.
You are immune to petrification.
You are immune to rotting.


Message History

Beogh smites you!
* * * LOW HITPOINT WARNING * * *
The orc closely misses you.
You hit the orc priest.
The orc priest is severely wounded.
The orc priest misses you. The orc hits you but does no damage.
The orc priest hits you but does no damage.
You hit the orc priest.
The orc priest is almost dead.
The orc hits you but does no damage. The orc priest barely misses you.
You hit the orc priest.
You kill the orc priest!
The orc hits you but does no damage.
The orc throws a tomahawk.
The tomahawk hits you but does no damage.
The orc hits you but does no damage.
Okay, then.
You closely miss the orc.
The orc is moderately wounded.
The orc hits you with a short sword.
You die...

#### # ###### ...#.##
#....#####..o....
#....'....>o.o...
#....####o####.##
#........oo@...#
###....#(#######
##........
##.##.#############
#....<...#........# ..#
#..#####'#.######.#....#
#..#..<....# #.#....#
#..#.#.....# #.#....#
#.)#.+.....# #.#....#


You could see 3 orcs.

Vanquished Creatures
  An orc priest (D:3)
  3 gnolls (D:3)
  An adder (D:2)
  3 leopard geckos
  3 giant cockroaches
  6 goblins
  4 hobgoblins
  4 kobolds
  A bat (D:2)
  8 rats
34 creatures vanquished.

Notes
Turn   | Place    | Note
-------+----------+-------------------------------------------
     0 | D:1      | Jerry the Gargoyle Fighter began the quest for the Orb.
     0 | D:1      | Reached XP level 1. HP: 14/14 MP: 1/1
   110 | D:1      | Reached XP level 2. HP: 15/19 MP: 2/2
   673 | D:2      | Found an opulent altar of Gozag.
   791 | D:2      | Reached XP level 3. HP: 24/24 MP: 3/3
  1046 | D:3      | Reached XP level 4. HP: 16/29 MP: 4/4
  1232 | D:3      | Slain by an orc

Skill      XL: |  1  2  3  4 |
---------------+-------------+-----
Fighting       | 4 |  4.3
Maces & Flails | 3 |  3.3
Armour         | 4 |  4.1
Shields        | |  3.2

Action                   |  1- 3 |  4- 6 || total
-------------------------+-------+-------++-------
Melee: Flail             |   104 |    13 ||   117
  Eat: Chunk             |     1 |       ||     1
Armor: Scale mail        |    71 |     9 ||    80
Dodge: Dodged            |    55 |     7 ||    62
